Unix NetHack Version 3.7.0-101 Work-in-progress - last build Apr 1 2024 13:39:02 (cf3915abb6dcc6e3362b2b16a766b7b4f6c45fc9,branch:master). Game began 2024-03-17 17:36:06, ended 2024-04-05 20:34:05. finitelycraig, neutral male human Wizard --- |..---- .....-- -...*.- |.(*.| --- -.%.| .. |.|%-- -..--.|..| --....|-.| |....--|.--- -..--- |...| -..- ----...--- .. |.....d--- -. |.....--..... - --.......-- .- |%--....| - ---..| ..| ---- Finitelycraig the Thaumaturge St:25 Dx:14 Co:16 In:18 Wi:11 Ch:10 Neutral Dlvl:8 $:272 HP:0(48) Pw:2(37) AC:5 Xp:6/558 T:3349 Latest messages: Restoring save file... Hello finitelycraig, the human Wizard, welcome back to NetHack! You hit the gnome lord! You kill the gnome lord! H - a dart (12 in total). A trap door opens up under you! You miss the fire ant. The fire ant bites! The fire ant bites again! You avoid harm. You miss the fire ant. The fire ant bites! The fire ant bites again! You avoid harm. The fire ant bites! The fire ant bites again! You avoid harm. You kill the fire ant! The gnome lord hits! The gnome lord hits! Persistent inventory ('perm_invent' option) is not presently enabled. What do you want to use or apply? [bcmpxBFGY or ?*] Never mind. In what direction? The spell hits the gnome lord! The gnome lord hits! In what direction? The spell hits the gnome lord! You kill the gnome lord! You see here a gnome lord corpse. The giant spider bites! In what direction? The spell hits the giant spider! The giant spider bites! In what direction? The spell misses the giant spider. The giant spider bites! In what direction? The spell hits the giant spider! You kill the giant spider! Suddenly, the winter wolf cub falls through a trap door. Suddenly, the winter wolf cub falls through a trap door. Suddenly, the winter wolf cub falls through a trap door. You escape a trap door. The winter wolf cub breathes frost! The blast of frost hits you! Wizard is about to die. The blast of frost bounces! The blast of frost hits you! You die... Inventory: Coins ('$') $ - 272 gold pieces Amulets ('"') J - an uncursed amulet of magical breathing (being worn) Weapons (')') H - 12 uncursed +0 darts w - an uncursed +0 dagger a - a blessed +1 quarterstaff (weapon in hands) Armor ('[') N - an uncursed +0 pair of gauntlets of power (being worn) R - an uncursed +0 pair of kicking boots (being worn) X - an uncursed +0 dwarvish roundshield P - an uncursed +0 cloak of displacement C - an uncursed +0 cloak of magic resistance U - an uncursed +0 cloak of protection (being worn) n - an uncursed +0 dwarvish cloak Z - an uncursed +0 dwarvish cloak V - an uncursed +0 oilskin cloak O - an uncursed +0 robe o - a cursed -1 dwarvish mithril-coat Comestibles ('%') v - 3 uncursed food rations D - 3 uncursed lichen corpses Rings ('=') y - an uncursed ring of cold resistance e - an uncursed ring of conflict d - an uncursed ring of slow digestion (on left hand) z - an uncursed ring of sustain ability Wands ('/') c - an uncursed wand of magic missile (0:5) B - an uncursed wand of make invisible (0:5) F - an uncursed wand of make invisible (0:3) G - an uncursed wand of teleportation (0:7) Tools ('(') b - an uncursed sack containing 11 items x - an uncursed bag of tricks (0:5) Y - a cursed lock pick m - an uncursed magic marker (0:22) p - an uncursed +0 pick-axe Gems/Stones ('*') s - 2 uncursed amber stones E - an uncursed worthless piece of orange glass k - 2 uncursed worthless pieces of violet glass I - an uncursed worthless piece of white glass l - an uncursed worthless piece of yellow glass A - 5 uncursed rocks Contents of the sack: an uncursed scroll of amnesia a cursed scroll of confuse monster an uncursed scroll of destroy armor 2 uncursed scrolls of identify 2 uncursed scrolls of light an uncursed scroll of scare monster a blessed potion of extra healing an uncursed potion of fruit juice an uncursed potion of gain ability an uncursed potion of restore ability an uncursed potion of see invisible Finitelycraig the Wizard's attributes: Background: You were a Thaumaturge, a level 6 male human Wizard. You were neutral, on a mission for Thoth who was opposed by Ptah (lawful) and Anhur (chaotic). You were right-handed. You were in the Gnomish Mines, on level 8. You entered the dungeon 3349 turns ago. You had 558 experience points, 82 more were needed to attain level 7. Basics: You had 0 out of 48 hit points. You had 2 out of 37 energy points (spell power). Your armor class was 5. Your wallet contained 272 zorkmids. Autopickup was on for '$?!"=/*', with exceptions. Final Characteristics: Your strength was 25 (base:9, innate limit:18/100). Your dexterity was 14 (limit:18). Your constitution was 16 (limit:18). Your intelligence was 18 (limit:18). Your wisdom was 11 (limit:18). Your charisma was 10 (limit:18). Final Status: You weren't hungry. You were unencumbered. You were wielding a quarterstaff. You had basic skill with quarterstaff. Final Attributes: You were piously aligned. You were telepathic. You could survive without air. You had slower digestion. You were protected. You are dead. Miscellaneous: You disabled loading of bones levels. Total elapsed playing time was 1 hour, 39 minutes and 17 seconds. Major events: Turn 1: finitelycraig the neutral male human Wizard entered the dungeon 505: entered the Gnomish Mines 1024: attained the rank of Conjurer (level 3) 3023: attained the rank of Thaumaturge (level 6) 3349: killed by a blast of frost exhaled by a winter wolf cub Vanquished creatures: a giant spider a fire ant 8 gnome leaders 3 floating eyes a kitten 7 dwarves a homunculus a kobold shaman 4 hill orcs a rothe 2 orc zombies 2 dwarf zombies an iguana an acid blob 2 hobgoblins a giant rat 19 gnomes 2 geckos 9 jackals 6 goblins 3 grid bugs 3 bats 7 lichens a kobold zombie 5 newts 92 creatures vanquished. No species were genocided or became extinct. Voluntary challenges: You were illiterate. You never engraved Elbereth. You never genocided any monsters. You never polymorphed an object. You never changed form. You used no wishes. Achievements: You entered the Gnomish Mines. You entered a shop. You attained the rank of Conjurer. You attained the rank of Thaumaturge. The Dungeons of Doom: levels 1 to 5 Level 1: Level 2: Stairs down to The Gnomish Mines. Level 3: "vault" A sink. Level 4: A fountain. Level 5: A fountain. The Gnomish Mines: levels 3 to 8 Level 3: Level 4: Level 6: Level 7: Level 8: <- You were here. Final resting place for you, killed by a blast of frost exhaled by a winter wolf cub. Game over: ---------- / \ / REST \ / IN \ / PEACE \ / \ | finitelycraig | | 272 Au | | killed by a | | blast of frost | | exhaled by a | | winter wolf cub | | 2024 | *| * * * | * _________)/\\_//(\/(/\)/\//\/|_)_______ Goodbye finitelycraig the Wizard... You died in The Gnomish Mines on dungeon level 8 with 2827 points, and 272 pieces of gold, after 3349 moves. You were level 6 with a maximum of 48 hit points when you died.